 Dungeon Crawl Stone Soup version 0.28-a0-245-g639a1a48b9 (webtiles) character file.

Game seed: 6588504023233478505

2221 theanonym the Slicer (level 9, -2/71 HPs)
             Began as a Mummy Enchanter on Aug 24, 2021.
             Was a Follower of Uskayaw.
             Slain by Menkaure (14 damage)
             ... on level 7 of the Dungeon.
             The game lasted 00:16:07 (11617 turns).

theanonym the Slicer (Mummy Enchanter)             Turns: 11617, Time: 00:16:07

Health: -2/71      AC: 11    Str: 14    XL:     9   Next: 13%
Magic:  9/13       EV:  3    Int: 14    God:    Uskayaw [*.....]
Gold:   262        SH:  8    Dex: 13    Spells: 13/13 levels left

rFire   x . .      SeeInvis .   a - +2 dagger (venom)
rCold   + . .      Faith    .   j - +0 kite shield
rNeg    + + +      Spirit   .   c - +0 chain mail
rPois   ∞          Reflect  .   b - +1 helmet
rElec   .          Harm     .   (no cloak)
rCorr   .          Rampage  .   (no gloves)
Will    .....                   g - +0 pair of boots
Stlth   ..........              (no amulet)
HPRegen 0.21/turn               (no ring)
MPRegen 0.13/turn               (no ring)

@: silenced, weak-willed, studying Armour
A: cold resistance 1, negative energy resistance 3, torment resistance 2, heat
vulnerability 1, no potions
a: Renounce Religion


Innate Abilities, Weirdness & Mutations

You are immune to poison.
Your flesh is cold resistant. (rC+)
You are immune to negative energy. (rN+++)
You are immune to unholy pain and torment.
You are vulnerable to heat. (rF-)
You do not drink.


   Skills:
 + Level 6.6 Fighting
 * Level 8.1 Short Blades
 - Level 1.5 Dodging
 - Level 2.4 Stealth
 + Level 2.3 Shields
 - Level 2.6 Spellcasting
 - Level 2.6 Hexes


You had 13 spell levels left.
You didn't know any spells.
Your spell library contained the following spells:

 Spells                   Type           Power      Damage    Failure   Level
 Shock                    Conj/Air       4%         1d3       100%        1
 Ensorcelled Hibernation  Hex/Ice        10%        N/A       100%        2
 Confusing Touch          Hex            9%         N/A       100%        3
 Dazzling Flash           Conj/Hex       10%        N/A       100%        3
 Swiftness                Air            1%         N/A       100%        3
 Tukima's Dance           Hex            9%         N/A       100%        3
 Airstrike                Air            0%         N/A       100%        4
 Animate Dead             Necr           0%         N/A       100%        4
 Haunt                    Necr/Summ      0%         N/A       100%        7
 Infestation              Necr           0%         N/A       100%        8

Skill      XL: |  1  2  3  4  5  6  7  8  9 |
---------------+----------------------------+-----
Short Blades   | 1 2 3 4 5 6 7 8 |  8.1
Fighting       | 1 2 3 4 5 6 |  6.6
Shields        | 2 |  2.3
Dodging        | |  1.5
Stealth        | |  2.4
Spellcasting   | |  2.6
Hexes          | |  2.6

Action                   |  1- 3 |  4- 6 |  7- 9 || total
-------------------------+-------+-------+-------++-------
Melee: Dagger            |    33 |   256 |   262 ||   551
       Short sword       |   167 |       |       ||   167
Invok: Stomp             |     1 |     3 |    21 ||    25
Evoke: Wand              |       |       |     8 ||     8
  Use: Scroll            |       |     3 |     8 ||    11
 Stab: Sleeping          |     7 |     6 |       ||    13
       Distracted        |       |     1 |       ||     1
       Paralysed         |       |     1 |       ||     1
Armor: Leather armour    |    49 |    16 |       ||    65
       Robe              |     1 |       |       ||     1
       Chain mail        |       |   106 |   126 ||   232
       Ring mail         |       |     1 |       ||     1
Dodge: Dodged            |   116 |    80 |    51 ||   247
Block: Kite shield       |       |       |    36 ||    36

Inventory:

Hand Weapons
 a - a +2 dagger of venom (weapon)
Armour
 b - a +1 helmet (worn)
 c - a +0 chain mail (worn)
 g - a +0 pair of boots (worn)
 j - a +0 kite shield (worn)
Wands
 f - a wand of mindburst (6)
 w - a wand of flame (14)
Scrolls
 h - a scroll of enchant armour
 i - a scroll of brand weapon
 r - a scroll of identify


You were on level 7 of the Dungeon.
You worshipped Uskayaw.
Uskayaw was noncommittal.
You visited 1 branch of the dungeon, and saw 7 of its levels.

You collected 288 gold pieces.
You spent 26 gold pieces at shops.

Dungeon Overview and Level Annotations

Branches:
Dungeon (7/15)             Temple (0/1) D:5

Altars:
Cheibriados
Nemelex Xobeh
Uskayaw
Wu Jian

Shops:
D:4 *

Annotations:
D:6 exclusion: wight
D:7 Menkaure

....>..... #.# ##.####.##
##.####.## #[# ##.........# #.#
#.# #.###..... .#.# ##.####.##
#.....##.##.... #...##...####
#.#....#.#...# .# ............#
#.##.#.....# #..# #...##...##.#
#.##.##.†.##..# ##.####.###.#
###.#....._....# #.# #.# #.#
#.@....##...##.# #.# #.# #.#
#M#.##.#.?...# #
#.####.###.###.#..#...#.#...#
.......##...##.##.#..##.##.....
.. ............# .##...!....##.
.#####..M#####.#.......#(#
##.## #.#.......#.# #.#
#.#M...(..# #.#### #.........#


You could see Menkaure (fast).

Notes
Turn   | Place    | Note
-------+----------+-------------------------------------------
     0 | D:1      | theanonym the Mummy Enchanter began the quest for the Orb.
     0 | D:1      | Reached XP level 1. HP: 13/13 MP: 4/4
    87 | D:1      | Reached skill level 1 in Short Blades
    89 | D:1      | HP: 5/13 [rat (3)]
   388 | D:1      | Reached XP level 2. HP: 13/20 MP: 5/5
   716 | D:1      | Reached skill level 1 in Fighting
   928 | D:1      | HP: 10/21 [kobold (2)]
  1260 | D:1      | Reached skill level 2 in Short Blades
  1358 | D:1      | Reached XP level 3. HP: 20/26 MP: 7/7
  1815 | D:1      | HP: 13/26 [hobgoblin (3)]
  1987 | D:2      | Noticed Robin
  1991 | D:2      | HP: 12/26 [goblin[Robin] (4)]
  1998 | D:2      | HP: 3/26 [goblin[Robin] (5)]
  2094 | D:1      | HP: 7/26 [goblin[Robin] (3)]
  2357 | D:2      | Found a faded altar of an unknown god.
  2760 | D:2      | HP: 11/26 [hobgoblin (4)]
  2780 | D:2      | HP: 6/26 [goblin/stone (6)]
  2781 | D:2      | HP: 2/26 [goblin/stone (5)]
  3541 | D:2      | Became a worshipper of Uskayaw the Reveller
  3541 | D:2      | Reached * piety under Uskayaw
  3553 | D:2      | Reached ** piety under Uskayaw
  3557 | D:2      | HP: 11/26 [adder (4)]
  3561 | D:2      | Reached *** piety under Uskayaw
  3905 | D:2      | HP: 13/27 [Robin (2)]
  3907 | D:2      | HP: 6/27 [Robin (2)]
  3908 | D:2      | HP: 1/27 [Robin (5)]
  3910 | D:2      | Killed Robin
  3911 | D:2      | Reached XP level 4. HP: 2/33 MP: 4/8
  4215 | D:2      | Reached skill level 2 in Fighting
  4406 | D:2      | Reached skill level 3 in Short Blades
  4913 | D:3      | Found an ornate altar of the Wu Jian Council.
  4955 | D:3      | Found a snail-covered altar of Cheibriados.
  5470 | D:4      | Noticed Natasha
  5505 | D:4      | Noticed a phantom
  5505 | D:4      | Found Boushrufid's General Store.
  5521 | D:3      | HP: 15/34 [phantom (4)]
  5589 | D:3      | HP: 17/34 [phantom (5)]
  5596 | D:3      | HP: 16/34 [phantom (2)]
  5622 | D:3      | HP: 14/34 [phantom (5)]
  5807 | D:4      | Bought a scroll of identify for 26 gold pieces
  5964 | D:4      | Killed Natasha
  5965 | D:4      | Reached XP level 5. HP: 32/39 MP: 9/9
  6184 | D:4      | HP: 20/40 [acid (4)]
  6196 | D:4      | HP: 8/40 [acid (3)]
  6308 | D:4      | Reached skill level 3 in Fighting
  6308 | D:4      | Reached skill level 4 in Short Blades
  6660 | D:4      | Noticed Natasha
  6670 | D:4      | Killed Natasha
  6671 | D:4      | Reached XP level 6. HP: 36/47 MP: 10/10
  6675 | D:4      | Noticed Natasha
  6687 | D:3      | HP: 21/47 [phantom (4)]
  6694 | D:3      | HP: 13/47 [phantom (6)]
  7254 | D:4      | Reached skill level 5 in Short Blades
  7263 | D:4      | Reached skill level 4 in Fighting
  7263 | D:4      | Reached XP level 7. HP: 42/54 MP: 11/11
  7532 | D:4      | HP: 18/55 [ogre (14)]
  7536 | D:4      | HP: 2/55 [ogre (17)]
  7853 | D:4      | Killed Natasha
  7921 | D:4      | Reached skill level 6 in Short Blades
  8205 | D:4      | Reached skill level 5 in Fighting
  8275 | D:5      | Entered Level 5 of the Dungeon
  8437 | D:5      | Found a staircase to the Ecumenical Temple.
  8511 | D:5      | Reached XP level 8. HP: 62/62 MP: 12/12
  8567 | D:5      | HP: 27/62 [acid (11)]
  9678 | D:6      | HP: 30/63 [steam dragon (3)]
  9682 | D:6      | HP: 14/63 [steam dragon/ball of steam (15)]
  9684 | D:6      | Reached skill level 7 in Short Blades
 10213 | D:6      | Reached skill level 6 in Fighting
 10213 | D:6      | Reached skill level 1 in Shields
 10260 | D:6      | HP: 31/64 [wight (6)]
 10702 | D:6      | HP: 24/64 [wight (12)]
 11363 | D:7      | HP: 31/65 [ogre (23)]
 11367 | D:7      | Reached skill level 2 in Shields
 11367 | D:7      | Reached XP level 9. HP: 34/71 MP: 13/13
 11547 | D:7      | Found a sparkling altar of Nemelex Xobeh.
 11571 | D:7      | Noticed Menkaure
 11578 | D:7      | HP: 30/71 [wyvern (13)]
 11581 | D:7      | HP: 12/71 [wyvern (9)]
 11584 | D:7      | Reached skill level 8 in Short Blades
 11616 | D:7      | HP: 11/71 [Menkaure (8)]
 11617 | D:7      | Slain by Menkaure

Vanquished Creatures
  A wyvern (D:7)
  A steam dragon (D:6)
  2 sky beasts (D:6)
  A black bear (D:4)
  3 ogres
  2 necrophages
  A centaur (D:6)
  A phantom (D:3)
  2 bullfrogs (D:7)
  A scorpion (D:4)
  A water moccasin skeleton (D:5)
  4 wights
  3 jellies
  6 hounds
  A bullfrog skeleton (D:7)
  An iguana (D:5)
  Natasha (thrice) (D:4)
  An orc wizard (D:4)
  A hound zombie (D:5)
  3 hound skeletons (D:4)
  Robin (D:2)
  A howler monkey skeleton (D:4)
  5 adders
  2 white imps
  An ufetubus (D:5)
  An adder skeleton (D:4)
  2 worms
  7 dart slugs
  6 orcs
  7 ball pythons
  13 endoplasms
  5 giant cockroaches
  9 hobgoblins
  8 jackals
  A quokka (D:2)
  6 bats
  3 frilled lizards
  19 goblins
  9 kobolds
  5 rats
150 creatures vanquished.

Table legend: (Time is in decaauts)
 A = Elapsed time spent in this place.
 B = Non-inter-level travel time spent in this place.
 C = Inter-level travel time spent in this place.
 D = Time resting spent in this place.
 E = Time spent auto-exploring this place.
 F = Levels seen in this place.
 G = Mean time per level.
                   A        B        C        D        E       F      G
               +--------+--------+--------+--------+--------+-----+--------+
         Total |  11522 |  11155 |    367 |   5128 |   4102 |   7 | 1646.0 |
       Dungeon |  11522 |  11155 |    367 |   5128 |   4102 |   7 | 1646.0 |
               +--------+--------+--------+--------+--------+-----+--------+

Top non-repeatable levels by time:
     D:1: 3419 daAuts
     D:4: 2326 daAuts
     D:6: 1571 daAuts
     D:3: 1248 daAuts
     D:5: 1233 daAuts
     D:2: 1222 daAuts
     D:7: 500 daAuts
